AoeStats
← Leooo

African Clearing

504584040Analyzed
3v3 RM · 28d ago on Sep 5, 2026· 29m 23s· 6 players
Game mode
Random Map
Map size
Normal (6 player)
Population
200
Speed
Normal
Resources
Standard
Victory
Conquest
Starting age
Dark Age
Ending age
Imperial Age
RankedLock teamsTeams togetherTeam positionsShared explorationLock speedFull tech treeHidden civsTurbo modeCheats
Victory
Defeat
🇺🇾 Mongols · Uruguay
1529
+13
🇦🇷 Cumans · Argentina
1470
+16
🇦🇷 Gurjaras · Argentina
1424
+17
🇩🇪 Chinese · Germany
1525
-18
🇺🇸 Teutons · United States
1447
-15
🇩🇪 Saracens · Germany
1410
-13
Leooo
5:41 Loom
12:39 Feudal Age
14:27 Double-Bit Axe
19:50 Castle Age
19:08 Scale Barding Armor
22:32 Wheelbarrow
21:58 Scale Mail Armor
21:40 Horse Collar
26:01 Fletching
FMG | Sawasha Takohida
11:41 Feudal Age
12:52 Loom
13:25 Double-Bit Axe
16:30 Castle Age
18:16 Bow Saw
20:54 Fletching
26:45 Wheelbarrow
26:46 Bodkin Arrow
26:34 Horse Collar
28:57 Padded Archer Armor
J.AVI
10:02 Loom
15:07 Feudal Age
16:14 Double-Bit Axe
18:51 Castle Age
20:25 Wheelbarrow
20:02 Bow Saw
21:27 Fishing Lines
22:49 Horse Collar
26:43 Bloodlines
26:34 Husbandry
28:01 Scale Barding Armor
29:33 Chain Barding Armor
29:56 Forging
Drachken
5:53 Loom
14:05 Feudal Age
18:16 Castle Age
17:13 Double-Bit Axe
18:59 Bloodlines
29:54 Scale Barding Armor
MatzeAoE
2:58 Loom
16:21 Feudal Age
17:11 Double-Bit Axe
22:50 Castle Age
20:30 Fishing Lines
20:36 Fishing Lines
21:21 Stone Mining
21:21 Gold Mining
26:43 Imperial Age
24:58 Fletching
25:34 Bodkin Arrow
26:47 Ballistics
27:22 Bow Saw
27:42 Murder Holes
27:48 Bracer
30:46 Chemistry
Red_Iffun
Connection lost

Rejoining the realm…

Still unreachable

The connection could not be restored.

Session expired

The server has moved on; the page needs a fresh start.